| TOP OF THE 1ST |
|
Guadalajara Marianchis batting - Pitching for Nassau Black Sails : LHP Mark Langston
|
|
Pitching: LHP Mark Langston
|
|
|
Batting: RHB Jack Lopez
|
0-0: Fly out, F7 (Flyball, 7, EV 88.8 MPH)
|
|
Batting: RHB Steven Patterson
|
0-0: Swinging Strike 0-1: Foul Ball, location: 2F 0-2: Fly out, F9 (Flyball, 9LD, EV 98.8 MPH)
|
|
Batting: SHB Spike Owen
|
0-0: Foul Ball, location: 2F 0-1: Ball 1-1: Fly out, F6 (Line Drive, 6, EV 67.5 MPH)
|
| Top of the 1st over - 0 runs, 0 hits, 0 errors, 0 left on base; Guadalajara 0 - Nassau 0 |
| BOTTOM OF THE 1ST |
|
Nassau Black Sails batting - Pitching for Guadalajara Marianchis : RHP Richard Egan
|
|
Pitching: RHP Richard Egan
|
|
|
Batting: RHB Randolph Ebersberger
|
0-0: Foul Ball, location: 2F 0-1: Swinging Strike 0-2: Ball 1-2: Ball 2-2: Foul Ball, location: 2F 2-2: Strikes out swinging
|
|
Batting: RHB Heri Ramirez
|
0-0: Ball 1-0: Swinging Strike 1-1: Foul Ball, location: 2F 1-2: Ball 2-2: Foul Ball, location: 2F 2-2: Ball 3-2: Foul Ball, location: 2F 3-2: Base on Balls
|
|
Batting: RHB Cecil Fielder
|
0-0: Ball 1-0: Ball Heri Ramirez is caught stealing 2nd base 2-4 2-0: Ball 3-0: Base on Balls
|
|
Batting: LHB Sam Horn
|
0-0: Ball 1-0: Ball 2-0: Ball 3-0: Called Strike 3-1: Base on Balls Cecil Fielder to second
|
|
Batting: RHB Steve Springer
|
0-0: Fly out, F4 (Popup, 23, EV 92.5 MPH)
|
| Bottom of the 1st over - 0 runs, 0 hits, 0 errors, 2 left on base; Guadalajara 0 - Nassau 0 |
| TOP OF THE 2ND |
|
Guadalajara Marianchis batting - Pitching for Nassau Black Sails : LHP Mark Langston
|
|
Batting: RHB George Foussianes
|
0-0: Ball 1-0: Ball 2-0: Called Strike 2-1: Foul Ball, location: 2F 2-2: Foul Ball, location: 2F 2-2: Strikes out looking
|
|
Batting: RHB Mark Maher
|
0-0: Called Strike 0-1: Ball 1-1: Swinging Strike 1-2: Strikes out swinging
|
|
Batting: RHB Jeff Rudolph
|
0-0: Called Strike 0-1: Foul Ball, location: 2F 0-2: Strikes out swinging
|
| Top of the 2nd over - 0 runs, 0 hits, 0 errors, 0 left on base; Guadalajara 0 - Nassau 0 |
| BOTTOM OF THE 2ND |
|
Nassau Black Sails batting - Pitching for Guadalajara Marianchis : RHP Richard Egan
|
|
Batting: LHB John Weller
|
0-0: Called Strike 0-1: Ball 1-1: Ball 2-1: Ball 3-1: Foul Ball, location: 2F 3-2: Base on Balls
|
|
Batting: LHB Jay Erdahl
|
0-0: Called Strike 0-1: Ball 1-1: DOUBLE (Groundball, 3L, EV 104.4 MPH) John Weller to third
|
|
Batting: RHB Joe Redfield
|
0-0: Ball 1-0: Foul Ball, location: 2F 1-1: Foul Ball, location: 2F 1-2: Ball 2-2: Ball 3-2: Base on Balls
|
|
Batting: RHB George Dierberger
|
0-0: Fly out, F8 (Flyball, 8LD, EV 80.0 MPH) Runner from 3rd tags up, SCORES, throw by CF
|
|
Batting: RHB Randolph Ebersberger
|
0-0: Called Strike 0-1: Ball 1-1: SINGLE (Groundball, 6MD, EV 101.9 MPH) Jay Erdahl to third Joe Redfield to second Runner from 3rd tries for Home, SAFE, throw by CF to home
|
|
Batting: RHB Heri Ramirez
|
0-0: Ball Wild Pitch! Joe Redfield to third Randolph Ebersberger to second 1-0: Swinging Strike 1-1: Foul Ball, location: 2F 1-2: Ball 2-2: Reached on error, E4 (Groundball, 4, EV 78.8 MPH) Joe Redfield scores Randolph Ebersberger to third
|
|
Batting: RHB Cecil Fielder
|
0-0: Ball Heri Ramirez is caught stealing 2nd base 2-4 1-0: Foul Ball, location: 2F 1-1: Foul Ball, location: 2F 1-2: Strikes out swinging
|
| Bottom of the 2nd over - 3 runs, 2 hits, 1 error, 1 left on base; Guadalajara 0 - Nassau 3 |
| TOP OF THE 3RD |
|
Guadalajara Marianchis batting - Pitching for Nassau Black Sails : LHP Mark Langston
|
|
Batting: RHB Jose Gonzalez
|
0-0: Swinging Strike 0-1: Called Strike 0-2: Ball 1-2: Foul Ball, location: 2F 1-2: Ground out 6-3 (Groundball, 6M, EV 78.1 MPH)
|
|
Batting: RHB Jim Smith
|
0-0: Called Strike 0-1: Ground out 6-3 (Groundball, 56D, EV 81.3 MPH)
|
|
Batting: RHB Michael Williams
|
0-0: Called Strike 0-1: Ball 1-1: Ground out 5-3 (Groundball, 56, EV 82.5 MPH)
|
| Top of the 3rd over - 0 runs, 0 hits, 0 errors, 0 left on base; Guadalajara 0 - Nassau 3 |
| BOTTOM OF THE 3RD |
|
Nassau Black Sails batting - Pitching for Guadalajara Marianchis : RHP Richard Egan
|
|
Batting: LHB Sam Horn
|
0-0: Called Strike 0-1: Called Strike 0-2: Fly out, F9 (Flyball, 9LM, EV 75.6 MPH)
|
|
Batting: RHB Steve Springer
|
0-0: Foul Ball, location: 2F 0-1: Ball 1-1: SINGLE (Line Drive, 34D, EV 96.3 MPH)
|
|
Batting: LHB John Weller
|
0-0: Ball 1-0: Foul Ball, location: 2F 1-1: Ball 2-1: Called Strike 2-2: Ball 3-2: Fly out, F7 (Flyball, 7LM, EV 91.9 MPH)
|
|
Batting: LHB Jay Erdahl
|
0-0: Ball 1-0: Ball Steve Springer steals 2nd base 2-0: Ball 3-0: Called Strike 3-1: Base on Balls
|
|
Batting: RHB Joe Redfield
|
0-0: Ball 1-0: Ball 2-0: Foul Ball, location: 2F 2-1: Foul Ball, location: 2F 2-2: Foul Ball, location: 2F 2-2: Ball 3-2: Base on Balls Steve Springer to third Jay Erdahl to second
|
|
Batting: RHB George Dierberger
|
0-0: Called Strike 0-1: Ball 1-1: Ball 2-1: Ground out 4-3 (Groundball, 4, EV 85.0 MPH)
|
| Bottom of the 3rd over - 0 runs, 1 hit, 0 errors, 3 left on base; Guadalajara 0 - Nassau 3 |
| TOP OF THE 4TH |
|
Guadalajara Marianchis batting - Pitching for Nassau Black Sails : LHP Mark Langston
|
|
Batting: RHB Jack Lopez
|
0-0: Ball 1-0: Called Strike 1-1: Foul Ball, location: 2F 1-2: Ball 2-2: Ball 3-2: Base on Balls
|
|
Batting: RHB Steven Patterson
|
0-0: Ball 1-0: Called Strike 1-1: Foul Ball, location: 2F 1-2: Ball 2-2: Foul Ball, location: 2F 2-2: Foul Ball, location: 2F 2-2: Strikes out looking
|
|
Batting: SHB Spike Owen
|
0-0: Ball 1-0: Ball 2-0: Foul Ball, location: 2F 2-1: Swinging Strike 2-2: Grounds into double play, 5-4-3 (Groundball, 5, EV 84.4 MPH)
|
| Top of the 4th over - 0 runs, 0 hits, 0 errors, 0 left on base; Guadalajara 0 - Nassau 3 |
| BOTTOM OF THE 4TH |
|
Nassau Black Sails batting - Pitching for Guadalajara Marianchis : RHP Richard Egan
|
|
Batting: RHB Randolph Ebersberger
|
0-0: Ball 1-0: Fly out, F4 (Line Drive, 4, EV 75.6 MPH)
|
|
Batting: RHB Heri Ramirez
|
0-0: Ball 1-0: Called Strike 1-1: Called Strike 1-2: Ball 2-2: Strikes out looking
|
|
Batting: RHB Cecil Fielder
|
0-0: Ball 1-0: SINGLE (Groundball, 4MD, EV 103.8 MPH)
|
|
Batting: LHB Sam Horn
|
0-0: Ball 1-0: DOUBLE (Flyball, 8LXD, EV 98.1 MPH) Cecil Fielder to third Runner from 3rd tries for Home, SAFE, throw by CF to home
|
|
Batting: RHB Steve Springer
|
0-0: DOUBLE (Line Drive, 5D, EV 98.8 MPH) Sam Horn scores
|
|
Pitching: LHP Richard Cope
|
|
|
Batting: LHB John Weller
|
0-0: Called Strike 0-1: Ball 1-1: Foul Ball, location: 2F 1-2: Ball 2-2: 2-RUN HOME RUN (Flyball, 89XD, EV 102.5 MPH), Distance : 434 ft
|
|
Batting: LHB Jay Erdahl
|
0-0: Ball 1-0: Called Strike 1-1: Foul Ball, location: 2F 1-2: Ball 2-2: Foul Ball, location: 2F 2-2: Fly out, F9 (Flyball, 9D, EV 85.0 MPH)
|
| Bottom of the 4th over - 4 runs, 4 hits, 0 errors, 0 left on base; Guadalajara 0 - Nassau 7 |
| TOP OF THE 5TH |
|
Guadalajara Marianchis batting - Pitching for Nassau Black Sails : LHP Mark Langston
|
|
Batting: RHB George Foussianes
|
0-0: Ball 1-0: Called Strike 1-1: Ball 2-1: DOUBLE (Flyball, 8LXD, EV 99.4 MPH)
|
|
Batting: RHB Mark Maher
|
0-0: Ball 1-0: Called Strike 1-1: Called Strike 1-2: Ball 2-2: Foul Ball, location: 2F 2-2: Strikes out swinging
|
|
Batting: RHB Jeff Rudolph
|
0-0: Ball 1-0: Called Strike 1-1: Foul Ball, location: 2F 1-2: Strikes out swinging
|
|
Batting: RHB Jose Gonzalez
|
0-0: Fly out, F7 (Line Drive, 7, EV 89.4 MPH)
|
| Top of the 5th over - 0 runs, 1 hit, 0 errors, 1 left on base; Guadalajara 0 - Nassau 7 |
| BOTTOM OF THE 5TH |
|
Nassau Black Sails batting - Pitching for Guadalajara Marianchis : LHP Richard Cope
|
|
Batting: RHB Joe Redfield
|
0-0: Ball 1-0: Ball 2-0: Ball 3-0: Base on Balls
|
|
Batting: RHB George Dierberger
|
0-0: Called Strike 0-1: Swinging Strike 0-2: Ball 1-2: Fly out, F4 (Flyball, 34D, EV 96.9 MPH)
|
|
Batting: RHB Randolph Ebersberger
|
0-0: Called Strike 0-1: Swinging Strike 0-2: Strikes out swinging
|
|
Batting: RHB Heri Ramirez
|
0-0: Foul Ball, location: 2LF, Error on foul ball, E2 0-1: Ball 1-1: Ball 2-1: Fly out, F3 (Flyball, 3D, EV 79.4 MPH)
|
| Bottom of the 5th over - 0 runs, 0 hits, 1 error, 1 left on base; Guadalajara 0 - Nassau 7 |
| TOP OF THE 6TH |
|
Guadalajara Marianchis batting - Pitching for Nassau Black Sails : LHP Mark Langston
|
|
Batting: RHB Jim Smith
|
0-0: Foul Ball, location: 2F 0-1: Swinging Strike 0-2: Strikes out looking
|
|
Batting: RHB Michael Williams
|
0-0: SINGLE (Groundball, 6MD, EV 94.4 MPH)
|
|
Batting: RHB Jack Lopez
|
0-0: Foul Ball, location: 2F 0-1: Swinging Strike 0-2: Ball Wild Pitch! Michael Williams to second 1-2: Foul Ball, location: 2F 1-2: Strikes out swinging
|
|
Batting: RHB Steven Patterson
|
0-0: Called Strike 0-1: Foul Ball, location: 2F 0-2: Ball 1-2: Ball 2-2: Fly out, F8 (Flyball, 8LD, EV 81.9 MPH)
|
| Top of the 6th over - 0 runs, 1 hit, 0 errors, 1 left on base; Guadalajara 0 - Nassau 7 |
| BOTTOM OF THE 6TH |
|
Nassau Black Sails batting - Pitching for Guadalajara Marianchis : LHP Richard Cope
|
|
Batting: RHB Cecil Fielder
|
0-0: Ball 1-0: Called Strike 1-1: Ball 2-1: Ball 3-1: Ground out 5-3 (Groundball, 56S, EV 91.3 MPH)
|
|
Batting: LHB Sam Horn
|
0-0: SINGLE (Line Drive, 56, EV 95.0 MPH)
|
|
Batting: RHB Steve Springer
|
0-0: Swinging Strike 0-1: Foul Ball, location: 2F 0-2: Strikes out looking
|
|
Batting: LHB John Weller
|
0-0: Swinging Strike 0-1: Swinging Strike 0-2: Foul Ball, location: 2F 0-2: Fielders Choice at 2nd, U6 (Groundball, 6M, EV 104.4 MPH)
|
| Bottom of the 6th over - 0 runs, 1 hit, 0 errors, 1 left on base; Guadalajara 0 - Nassau 7 |
| TOP OF THE 7TH |
|
Guadalajara Marianchis batting - Pitching for Nassau Black Sails : LHP Mark Langston
|
|
Pinch Hitting: RHB Jose Figueroa
|
0-0: Fly out, F8 (Flyball, 8LD, EV 96.3 MPH)
|
|
Batting: RHB George Foussianes
|
0-0: Ball 1-0: Swinging Strike 1-1: Ground out 6-3 (Groundball, 6, EV 89.4 MPH)
|
|
Batting: RHB Mark Maher
|
0-0: Ball 1-0: Foul Ball, location: 2F 1-1: Called Strike 1-2: Strikes out swinging
|
| Top of the 7th over - 0 runs, 0 hits, 0 errors, 0 left on base; Guadalajara 0 - Nassau 7 |
| BOTTOM OF THE 7TH |
|
Nassau Black Sails batting - Pitching for Guadalajara Marianchis : LHP Richard Cope
|
|
Now at SS: Jose Figueroa
|
|
|
Batting: LHB Jay Erdahl
|
0-0: Ball 1-0: Ball 2-0: Ball 3-0: Called Strike 3-1: Base on Balls
|
|
Batting: RHB Joe Redfield
|
0-0: Foul Ball, location: 2F 0-1: Called Strike 0-2: Ball 1-2: Foul Ball, location: 2F 1-2: Ball 2-2: Ball 3-2: Base on Balls Jay Erdahl to second
|
|
Batting: RHB George Dierberger
|
0-0: Ball 1-0: Ball 2-0: Ball 3-0: Base on Balls Jay Erdahl to third Joe Redfield to second
|
|
Pitching: LHP Frank Miloszewski
|
|
|
Batting: RHB Randolph Ebersberger
|
0-0: Ball Wild Pitch! Jay Erdahl scores Joe Redfield to third George Dierberger to second 1-0: Ball 2-0: Foul Ball, location: 2F 2-1: Ball 3-1: Base on Balls
|
|
Batting: RHB Heri Ramirez
|
0-0: Ball 1-0: Fielders Choice at 2nd, 4-6 (Groundball, 4M, EV 100.6 MPH) Joe Redfield scores George Dierberger to third
|
|
Batting: RHB Cecil Fielder
|
0-0: Swinging Strike 0-1: Foul Ball, location: 2F 0-2: Foul Ball, location: 2F 0-2: Ball 1-2: Strikes out looking
|
|
Batting: LHB Sam Horn
|
0-0: Ball 1-0: Called Strike 1-1: Ball 2-1: Ball 3-1: Base on Balls Heri Ramirez to second
|
|
Batting: RHB Steve Springer
|
0-0: Fielders Choice at 2nd, 5-4 (Groundball, 56, EV 105.0 MPH)
|
| Bottom of the 7th over - 2 runs, 0 hits, 0 errors, 3 left on base; Guadalajara 0 - Nassau 9 |
| TOP OF THE 8TH |
|
Guadalajara Marianchis batting - Pitching for Nassau Black Sails : LHP Mark Langston
|
|
Batting: RHB Jeff Rudolph
|
0-0: Ball 1-0: Called Strike 1-1: Ball 2-1: Ball 3-1: Fly out, F8 (Line Drive, 8RM, EV 98.8 MPH)
|
|
Batting: RHB Jose Gonzalez
|
0-0: Called Strike 0-1: Ball 1-1: Fly out, F7 (Flyball, 7LM, EV 104.4 MPH)
|
|
Batting: RHB Jim Smith
|
0-0: Ball 1-0: SINGLE (Groundball, 4MD, EV 103.1 MPH)
|
|
Batting: RHB Michael Williams
|
0-0: Ball 1-0: Called Strike 1-1: Called Strike 1-2: Strikes out looking
|
| Top of the 8th over - 0 runs, 1 hit, 0 errors, 1 left on base; Guadalajara 0 - Nassau 9 |
| BOTTOM OF THE 8TH |
|
Nassau Black Sails batting - Pitching for Guadalajara Marianchis : LHP Frank Miloszewski
|
|
Batting: LHB John Weller
|
0-0: Foul Ball, location: 2F 0-1: Ball 1-1: Ball 2-1: Ball 3-1: Base on Balls
|
|
Batting: LHB Jay Erdahl
|
0-0: Ball 1-0: Called Strike 1-1: Called Strike 1-2: Strikes out swinging
|
|
Batting: RHB Joe Redfield
|
0-0: Ball 1-0: Foul Ball, location: 2F 1-1: Swinging Strike 1-2: Foul Ball, location: 2F 1-2: Ball 2-2: Strikes out swinging
|
|
Batting: RHB George Dierberger
|
0-0: Foul Ball, location: 2F 0-1: Foul Ball, location: 2F 0-2: Strikes out swinging
|
| Bottom of the 8th over - 0 runs, 0 hits, 0 errors, 1 left on base; Guadalajara 0 - Nassau 9 |
| TOP OF THE 9TH |
|
Guadalajara Marianchis batting - Pitching for Nassau Black Sails : LHP Mark Langston
|
|
Batting: RHB Jack Lopez
|
0-0: Fly out, F9 (Flyball, 89S, EV 85.0 MPH)
|
|
Batting: RHB Steven Patterson
|
0-0: Ball 1-0: Fly out, F7 (Line Drive, 7, EV 88.8 MPH)
|
|
Batting: RHB Jose Figueroa
|
0-0: Called Strike 0-1: Foul Ball, location: 2F 0-2: Strikes out swinging
|
| Top of the 9th over - 0 runs, 0 hits, 0 errors, 0 left on base; Guadalajara 0 - Nassau 9 |
|